Get step-by-step instructions on how to execute this build order below. Start the game timer, and the build order will tick by so you can play in parallel with StarCraft on a second screen or mobile device.

Game Time

  0:00

Last Step

  N/A

Next Step

Upcoming Step



Don't want to look back and forth between 2 screens? Try out our Overwolf App, the Spawning Tool Build Advisor to get an in-game overlay with this build!

Complete Build Order

  12  0:01  SCV  
  13  0:13  SCV  
  14  0:18  Supply Depot  
  14  0:25  SCV  
  15  0:40  SCV  
  15  0:41  Barracks  
  16  0:52  SCV  
  17  1:04  SCV  
  18  1:16  Command Center  
  18  1:19  SCV  
  19  1:32  Orbital Command  
  19  1:36  Marine  
  20  2:02  SCV  
  20  2:05  Refinery  
  20  2:08  Refinery  
  21  2:14  SCV  
  21  2:15  Supply Depot  
  22  2:17  Marine  
  23  2:28  SCV  
  24  2:33  Orbital Command  
  24  2:40  SCV  
  25  2:45  Marine  
  26  2:52  SCV  
  26  2:56  Barracks  
  27  3:03  Bunker, Marine  
  27  3:04  SCV  
  29  3:11  SCV  
  30  3:16  SCV  
  31  3:23  SCV  
  32  3:28  SCV  
  32  3:32  Factory  
  33  3:35  SCV  
  33  3:37  Barracks Tech Lab  
  33  3:38  Bunker  
  33  3:40  SCV  
  35  3:47  SCV  
  35  3:48  Supply Depot  
  36  3:49  Supply Depot  
  36  3:52  SCV  
  37  3:59  SCV, Marauder  
  37  4:00  Marine  
  41  4:04  SCV, Stimpack  
  42  4:13  Barracks  
  40  4:18  Factory Tech Lab, Engineering Bay  
  40  4:20  Starport, Marine x2  
  40  4:21  Engineering Bay  
  39  4:38  Marine  
  39  4:39  Marauder  
  39  4:43  Siege Tank  
  44  4:46  SCV  
  44  4:56  Marine  
  45  5:00  Marine  
  45  5:15  Siege Tank  
  50  5:22  Barracks Reactor  
  50  5:24  Barracks Reactor  
  50  5:27  Marauder  
  50  5:28  Starport Reactor  
  50  5:44  Missile Turret  
  50  5:46  SCV x2  
  52  5:51  Refinery  
  52  5:53  Refinery  
  52  5:58  SCV x2  
  52  5:59  Terran Infantry Armor Level 1  
  52  6:02  Terran Infantry Weapons Level 1  
  54  6:07  Marine x2  
  54  6:08  Marine x2  
  54  6:09  Marauder  
  54  6:10  SCV  
  61  6:20  SCV  
  62  6:33  Supply Depot  
  62  6:35  Supply Depot x2  
  62  6:36  Supply Depot  
  62  6:42  Combat Shields  
  62  6:43  Missile Turret  
  62  6:52  Armory  
  62  6:55  SCV x2  
  62  6:58  Command Center  
  62  7:00  Marauder  
  66  7:01  Marine x2  
  66  7:02  Marine x2  
  66  7:07  SCV x2  
  72  7:19  SCV x2, Marine x2  
  72  7:22  Marauder  
  78  7:50  Marine x3  
  81  7:51  Marine  
  81  7:52  Marauder  
  81  7:55  Medivac x2  
  88  7:58  Terran Infantry Weapons Level 2  
  88  7:59  Terran Infantry Armor Level 2  
  88  8:08  Marine x3  
  88  8:09  Marine  
  88  8:11  Siege Tank  
  95  8:14  Marauder  
  95  8:18  SCV x2  
  99  8:26  Marine x2  
  101  8:30  SCV x2  
  101  8:31  Supply Depot  
  101  8:34  Supply Depot  
  103  8:36  Marauder  
  103  8:37  Marine x2  
  107  8:42  SCV  
  108  8:51  Marine  
  108  8:52  Supply Depot, Marine  
  108  8:53  Siege Tank  
  108  8:55  Marine  
  114  8:56  Supply Depot  
  114  8:58  Marauder  
  116  9:12  Missile Turret  
  94  9:47  Marine x4  
  94  9:48  Marine  
  99  9:55  Barracks  
  99  9:56  Barracks  
  99  9:58  Barracks x2  
  99  9:59  SCV x2, Barracks  
  101  10:02  SCV  
  102  10:11  SCV, Medivac x2  
  102  10:12  SCV  
  102  10:14  SCV, Marine x4  
  110  10:15  Marauder  
  110  10:19  Terran Infantry Weapons Level 3  
  115  10:27  Command Center  
  115  10:31  Marine  
  115  10:32  Marine x3  
  119  10:36  Marauder  
  119  10:37  Orbital Command  
  119  10:39  SCV x2  
  119  10:41  Medivac x2  
  127  10:49  Marine  
  128  10:51  SCV x2  
  128  10:52  Supply Depot  
  128  10:53  Barracks Reactor x3, Supply Depot  
  128  10:54  Barracks Reactor, Barracks Tech Lab  
  128  10:55  Supply Depot  
  130  11:05  SCV x2  
  130  11:06  SCV  
  130  11:11  Refinery  
  133  11:12  Marine x6  
  133  11:13  Refinery  
  139  11:29  Marine  
  139  11:30  Marine  
  141  11:36  Marine x4  
  141  11:37  Marine x5  
  141  11:39  Marauder  
  156  11:40  Marauder  
  156  11:43  Medivac x2  
  156  11:45  Marine  
  159  11:47  Marine x2  
  161  12:11  Missile Turret  
  161  12:12  Orbital Command  
  161  12:14  Missile Turret  
  161  12:15  Missile Turret x2  
  163  12:21  Marine x7  
  163  12:22  Marine x3  
  173  12:23  Marauder x2  
  177  12:34  Medivac  
  158  12:48  Marine x3  
  158  12:49  Marine x7  
  158  12:50  Marine x2  
  158  12:51  Marauder x2  
  149  12:53  Medivac  
  130  13:04  Medivac  
  132  13:06  Marine x4  
  132  13:07  Marine x3  
  132  13:12  Marauder x2  
  143  13:19  Marine x4  
  146  13:20  Marine  
  146  13:23  Medivac  
  146  13:24  Marine x4  
  150  13:33  Marauder x2  
  150  13:34  Medivac  
  150  13:40  Marine x4  
  150  13:41  Marine x4  
  157  13:44  Marine x3  
  157  13:45  Marine  
  163  13:53  Medivac  
  163  13:55  Marauder x2  
  169  13:58  Marine x5  
  169  13:59  Marine  
  175  14:04  Medivac  
  175  14:07  Command Center  
  177  14:13  Marine x3  
  180  14:24  Supply Depot  
  180  14:25  Supply Depot x2  
  180  14:45  Marine x2  
  180  14:46  Marine x8, Marauder, Medivac x2  
  180  14:47  Marauder, Marine x2  
  199  15:03  Marine x2  
  199  15:04  Marine x8  
  115  15:07  Marauder  
  115  15:08  Marauder  
  115  15:13  Marine x2  
  116  15:21  Marine x2  
  116  15:22  Marine x4, Medivac x2  
  116  15:24  Siege Tank  
  129  15:29  Marauder  
  129  15:30  Marauder  
  129  15:32  Marine x6  
  139  15:39  Marine x2  
  139  15:40  Marine x4  
  145  15:49  Marine  
  145  15:50  Marine  
  145  15:51  Marauder  
  145  15:52  Starport x2, Medivac x2  
  145  15:56  Orbital Command  
  145  15:57  Siege Tank  
  155  16:08  Marauder  
  144  16:29  Siege Tank, Marauder  
  149  16:34  Marauder  
  149  16:36  Marine x7  
  149  16:37  Marine x5  
  161  16:41  Medivac x2  
  161  16:43  Starport Reactor  
  161  16:44  Starport Reactor  
  165  16:51  Marauder  
  165  16:53  Marine  
  165  16:54  Marine x7  
  168  16:55  Marine x4  
  168  17:01  Siege Tank  
  182  17:11  Marine x2  
  182  17:12  Marauder, Marine x2  
  182  17:13  Marine x6  
  182  17:14  Marine x3  
  197  17:29  Marine  
  104  18:03  Marine x6  
  104  18:04  Marine  
  106  18:07  Marine x5  
  106  18:08  Marauder x2  
  106  18:10  Medivac x2  
  106  18:12  Siege Tank  
  122  18:29  Marauder  
  122  18:30  Marauder  
  125  18:37  Command Center  
  125  18:40  Medivac x2  
  125  18:44  Siege Tank  
  128  18:58  Factory  
  128  18:59  Factory  
  128  19:09  Refinery  
  128  19:11  Refinery  
  128  19:12  Terran Vehicle Weapons Level 1  
  130  19:17  Marauder x2  
  130  19:18  Marine x7  
  130  19:19  Marine  
  130  19:20  Armory  
  130  19:24  Medivac x2  
  142  19:26  Thor  
  150  19:35  Marine x4  
  150  19:36  Marine x4  
  150  19:37  Marine x4  
  164  19:38  Marauder x2  
  164  19:43  Factory  
  166  19:52  Orbital Command  
  166  19:53  Marine x5  
  166  19:54  Medivac x2, Marine  
  178  20:00  Marauder  
  178  20:03  Refinery x2  
  178  20:07  Armory  
  178  20:09  Thor, Terran Vehicle And Ship Armor Level 1  
  184  20:18  Marine  
  184  20:19  Marine x7  
  184  20:20  Marine x6  
  198  20:24  Medivac  
  163  20:43  Marine  
  163  20:44  Marine x8  
  163  20:45  Marine x5  
  163  20:48  Medivac  
  179  20:54  Medivac  
  177  21:01  Marine  
  177  21:03  Marauder  
  177  21:04  Marauder  
  147  21:18  Medivac  
  147  21:22  Marine x5  
  147  21:23  Marine x7  
  147  21:24  Medivac  
  147  21:25  Marauder x2  
  163  21:26  Factory Tech Lab x2  
  160  21:40  Marine x4  
  160  21:46  Marauder x2  
  163  21:49  Marine x6  
  163  21:50  Marine x2  
  163  21:52  Thor  
  173  21:55  Medivac  
  173  21:57  Marine  
  173  21:58  Marine x3  
  174  22:07  Marine x5  
  174  22:08  Marauder x2  
  159  23:13  Marine x4  
  159  23:14  Marine x7  
  159  23:15  Marauder x2  
  159  23:18  Medivac x3  
  159  23:19  Medivac  
  180  23:37  Marauder x2  
  182  23:42  Marine x8  
  182  23:43  Marine x4  
  182  23:48  Medivac x3  
  186  24:31  Marine  
  186  24:32  Marine x7  
  186  24:33  Marine x6  
  199  26:18  Marine